 Dungeon Crawl Stone Soup version 0.28-b1-70-g80dc712255 (webtiles) character file.

Game seed: 15264166113040095642

340 pkoi the Chopper (level 6, -4/50 HPs)
             Began as a Minotaur Gladiator on Feb 3, 2022.
             Was a Follower of Okawaru.
             Slain by a sky beast (5 damage)
             ... on level 4 of the Dungeon.
             The game lasted 00:02:59 (4368 turns).

pkoi the Chopper (Minotaur Gladiator)               Turns: 4368, Time: 00:03:00

Health: -4/50      AC:  4    Str: 20    XL:     6   Next: 30%
Magic:  5/7        EV: 14    Int:  5    God:    Okawaru [*.....]
Gold:   106        SH:  0    Dex: 12    Spells: 5/5 levels left

rFire   . . .      SeeInvis .   a - +1 war axe
rCold   . . .      Faith    .   (no shield)
rNeg    . . .      Spirit   .   b - +0 leather armour
rPois   .          Reflect  .   c - +1 hat
rElec   .          Harm     .   (no cloak)
rCorr   .          Rampage  .   (no gloves)
Will    .....                   (no boots)
Stlth   ++++......              (no amulet)
HPRegen 0.16/turn               (no ring)
MPRegen 0.10/turn               (no ring)

@: heroic
A: horns 2, retaliatory headbutt, thin skeletal structure 1, clumsy 1
a: Renounce Religion, Heroism


You were on level 4 of the Dungeon.
You worshipped Okawaru.
Okawaru was aware of your devotion.
You visited 1 branch of the dungeon, and saw 4 of its levels.

You collected 106 gold pieces.

Inventory:

Hand Weapons
 a - a +1 war axe (weapon)
Missiles
 d - 3 throwing nets (quivered)
Armour
 b - a +0 leather armour (worn)
 c - a +1 hat (worn)
Jewellery
 e - an amulet of faith
Scrolls
 g - a scroll of fog
Potions
 f - a potion of lignification {unknown}
 i - a potion of flight
 k - a potion of mutation
 m - a potion of haste
 p - 2 potions of berserk rage


   Skills:
 - Level 2.4(7.4) Fighting
 + Level 7.1(12.1) Axes
 - Level 2.0(7.0) Throwing
 - Level 3.2(8.2) Dodging
 + Level 3.7 Invocations


You had 5 spell levels left.
You didn't know any spells.
Your spell library was empty.

Dungeon Overview and Level Annotations

Branches:
Dungeon (4/15)
 Temple: D:4-7

Altars:
Kikubaaqudgha
Okawaru

Annotations:
D:4 1 runed translucent door, crazypyro's ghost, amateur MiFi


Innate Abilities, Weirdness & Mutations

You have a pair of horns on your head.
You reflexively headbutt those who attack you in melee.
You have a somewhat thin skeletal structure. (Dex +2, Stealth+)
You are clumsy. (Dex -2)


Message History

No target in view!
No target in view!
No target in view!
No target in view!
No target in view!
No target in view!
No target in view!
No target in view!
No target in view!
No target in view!
There is a strange disturbance nearby!
There are no items here.
Why would you want to do that? Why would you want to do that?
Why would you want to do that? Why would you want to do that?
Why would you want to do that?
You barely miss something. Something hits you. Something shocks you.
You closely miss something. Something hits you. Something shocks you.
You hit something. Something hits you. Something shocks you.
You hit something.
A sky beast appears from thin air!
Reactivating autopickup.
The sky beast hits you but does no damage.
The sky beast hits you.
* * * LOW HITPOINT WARNING * * *
The sky beast shocks you.
* * * LOW HITPOINT WARNING * * *
You gain the combat prowess of a mighty hero.
The sky beast hits you.
* * * LOW HITPOINT WARNING * * *
The sky beast shocks you.
* * * LOW HITPOINT WARNING * * *
You closely miss the sky beast. You headbutt the sky beast.
The sky beast is almost dead.
You hit the sky beast but do no damage.
The sky beast is almost dead.
The sky beast hits you.
* * * LOW HITPOINT WARNING * * *
The sky beast shocks you.
You die...

### ..# ..##### ####
..'...# #.'#########**
..###.# #.#.≈≈≈≈≈≈§§≈*
....#.#### #.#≈.......§≈*
........># #.#≈.⌠≈≈≈§§.≈*
...)#########.#≈@§§≈≈≈≈.≈*
..............#Y.≈≈##≈≈.≈*
..............#≈.§≈#*≈§.≈*
...#########.##≈.≈§§§≈≈,≈*
..##*******#'##≈.⌠§§≈§⌠,≈*
.##,,,,,,,,...#§.§.§§§.§≈*
.#*,,,,,,,,...#§§≈≈≈≈≈≈≈≈*
.#*,,,,,,,....############
#####*###*##'##*,#.#####.#


You could see a sky beast.

Vanquished Creatures
  A necrophage (D:4)
  A water moccasin skeleton (D:3)
  A centaur zombie (D:4)
  A hound (D:3)
  Natasha (D:2)
  An orc wizard (D:3)
  An adder zombie (D:2)
  An adder skeleton (D:2)
  2 dart slugs
  5 orcs (D:3)
  5 endoplasms
  A giant cockroach (D:2)
  5 goblins
  6 hobgoblins
  11 jackals
  6 quokkas
  7 ball pythons
  7 bats
  5 frilled lizards
  3 kobolds
  A quokka skeleton (D:2)
  7 rats
79 creatures vanquished.

Vanquished Creatures (others)
  2 withered plants (D:2)
2 creatures vanquished.

Grand Total: 81 creatures vanquished

Notes
Turn   | Place    | Note
-------+----------+-------------------------------------------
     0 | D:1      | pkoi the Minotaur Gladiator began the quest for the Orb.
     0 | D:1      | Reached XP level 1. HP: 18/18 MP: 0/0
    52 | D:1      | Reached skill level 4 in Axes
    67 | D:1      | Reached XP level 2. HP: 15/25 MP: 1/1
   359 | D:1      | Found a faded altar of an unknown god.
   684 | D:1      | Reached skill level 5 in Axes
   904 | D:1      | Reached XP level 3. HP: 30/30 MP: 2/2
  1208 | D:1      | Prayed at the altar of an unknown god.
  1208 | D:1      | Became a worshipper of Warmaster Okawaru
  1208 | D:1      | Reached * piety under Okawaru
  1556 | D:2      | Noticed Natasha
  1565 | D:2      | Killed Natasha
  1566 | D:2      | Reached skill level 1 in Invocations
  1566 | D:2      | Reached XP level 4. HP: 11/37 MP: 3/3
  1932 | D:2      | Found an ancient bone altar of Kikubaaqudgha.
  2437 | D:3      | Reached skill level 6 in Axes
  2597 | D:3      | Reached XP level 5. HP: 38/42 MP: 5/5
  3878 | D:4      | Gained mutation: You are clumsy. (Dex -2) [potion of
                  | mutation]
  3878 | D:4      | Gained mutation: You have a somewhat thin skeletal
                  | structure. (Dex +2, Stealth+) [potion of mutation]
  4181 | D:4      | Noticed a necrophage
  4187 | D:4      | Killed a necrophage
  4188 | D:4      | Reached skill level 7 in Axes
  4188 | D:4      | Reached XP level 6. HP: 41/50 MP: 7/7
  4302 | D:4      | Found a runed translucent door.
  4303 | D:4      | Noticed crazypyro's ghost (amateur MiFi)
  4357 | D:4      | Noticed a sky beast
  4366 | D:4      | HP: 1/50 [sky beast (6)]
  4368 | D:4      | Slain by a sky beast

Illustrated notes

Levels and vault maps discovered:
D:1:      dpeg_arrival_arbitrary_b, layout_basic, basic_ecumenical_altar
D:2:      layout_basic, basic_altar, serial_undead, serial_undead_f,
          serial_undead_b, serial_undead_d, serial_undead_c,
          kennysheep_generic_room_3, uniq_natasha
D:3:      layout_basic, minmay_misc_feat_roman, dk_noncrumbling_4
D:4:      layout_basic, grunt_dithmenos_smoke_and_mirrors,
          ebering_ghost_sewer_f, kennysheep_pointless_box,
          roderic_st_hans_cross, minmay_misc_feat_diagonals

Skill      XL: |  1  2  3  4  5 |
---------------+----------------+-----
Axes           | 4 5 6 7 |  7.1
Invocations    | 1 2 3 |  3.7
Fighting       | |  2.4
Throwing       | |  2.0
Dodging        | |  3.2

Action                   |  1- 3 |  4- 6 || total
-------------------------+-------+-------++-------
Melee: War axe           |    67 |    93 ||   160
       Headbutt          |     8 |    16 ||    24
       Punch             |       |     2 ||     2
Invok: Heroism           |       |     1 ||     1
  Use: Scroll            |       |     9 ||     9
       Potion            |       |     2 ||     2
 Stab: Sleeping          |       |     3 ||     3
       Distracted        |       |     1 ||     1
Armor: Leather armour    |    18 |    17 ||    35
Dodge: Dodged            |    51 |    52 ||   103
